 Dungeon Crawl Stone Soup version 0.25-a0-448-g1f46b9f714 (webtiles) character file.

Game seed: 6909855651439514966, levelgen mode: deterministic

159364 Lugonue the Gelid (level 17, -7/144 HPs)
             Began as a Ghoul Ice Elementalist on Jan 30, 2020.
             Was the Champion of Vehumet.
             Shot with an arrow by a naga sharpshooter (12 damage)
             ... on level 1 of the Snake Pit on Jan 31, 2020.
             The game lasted 02:52:41 (27653 turns).

Lugonue the Gelid (Ghoul Ice Elementalist)         Turns: 27653, Time: 02:52:41

Health: -7/144     AC: 18    Str: 14    XL:     17   Next: 44%
Magic:  24/47      EV: 17    Int: 23    God:    Vehumet [******]
Gold:   686        SH:  0    Dex: 11    Spells: 19/41 levels left

rFire    x . .     SeeInvis .   a - staff of power
rCold    + + .     Gourm    .   (no shield)
rNeg     + + +     Faith    .   z - +4 steam dragon scales
rPois    ∞         Spirit   .   F - +2 hat
rElec    .         Reflect  .   L - +0 cloak
rCorr    .         Harm     .   (no gloves)
MR       +....                  v - +0 pair of boots
Stlth    ++........             (no amulet)
HPRegen  0.00/turn              N - ring of Maezufriu {rF- rC+ AC+4 Int+4 Dex+2}
MPRegen  0.30/turn              t - +4 ring of intelligence

@: no potions, rotting
A: rotting body, claws 1, carnivore, cold resistance 1, negative energy
resistance 3, inhibited regeneration, torment resistance, unbreathing
}: 1/15 runes: decaying
a: Renounce Religion


You were on level 1 of the Snake Pit.
You worshipped Vehumet.
Vehumet was exalted by your worship.
You were not hungry.

You visited 5 branches of the dungeon, and saw 26 of its levels.
You visited the Abyss 1 time.
You also visited: Sewer and Ice Cave.

You collected 2358 gold pieces.
You spent 1672 gold pieces at shops.

Inventory:

Hand Weapons
 f - the +10 spear of the Puffin {freeze, rF+ rC++ SInv}
   (You found it on level 7 of the Dungeon)

   It has been specially enchanted to freeze those struck by it, causing extra
   injury to most foes and up to half again as much damage against particularly
   susceptible opponents.
   It can also slow down cold-blooded creatures.
   It protects you from fire.
   It greatly protects you from cold.
   It lets you see invisible.
Armour
 v - a +0 pair of boots (worn)
 z - +4 steam dragon scales (worn)
 F - a +2 hat (worn)
 L - a +0 cloak (worn)
Magical Staves
 a - an uncursed staff of power (weapon)
 l - an uncursed staff of wizardry
Jewellery
 h - a +4 ring of evasion
 n - an uncursed ring of resist corrosion
 t - a +4 ring of intelligence (right claw)
 H - an uncursed ring of protection from fire
 N - the ring of Maezufriu (left claw) {rF- rC+ AC+4 Int+4 Dex+2}
   (You found it on level 3 of the Swamp)

   [ring of protection]

   It affects your AC (+4).
   It affects your intelligence (+4).
   It affects your dexterity (+2).
   It makes you vulnerable to fire.
   It protects you from cold.
Wands
 i - a wand of iceblast (34)
 o - a wand of paralysis (6)
 r - a wand of acid (4)
 w - a wand of disintegration (27)
 A - a wand of flame (49)
 D - a wand of random effects (14)
 E - a wand of enslavement (27)
 I - a wand of clouds (2)
Scrolls
 d - 16 scrolls of identify
 g - 6 scrolls of remove curse
 k - 2 scrolls of immolation
 p - 9 scrolls of magic mapping
 u - a scroll of acquirement {unknown}
 C - 3 scrolls of amnesia
Potions
 b - a potion of haste
 e - 5 potions of resistance
 j - 4 potions of flight
 m - 3 potions of curing
 x - 5 potions of brilliance
 B - a potion of might
 G - a potion of magic
Miscellaneous
 J - a crystal ball of energy
Comestibles
 c - 37 rations


   Skills:
 + Level 11.1 Fighting
 + Level 5.1 Armour
 + Level 10.7 Dodging
 - Level 2.1 Stealth
 + Level 13.3 Unarmed Combat
 + Level 12.8 Spellcasting
 - Level 3.5 Conjurations
 + Level 16.7 Ice Magic
 * Level 2.4 Evocations


You had 19 spell levels left.
You knew the following spells:

 Your Spells              Type           Power        Failure   Level  Hunger
a - Freeze                Ice            ####         0%          1    None
b - Ozocubu's Armour      Chrm/Ice       ######..     1%          3    None
c - Passwall              Tmut/Erth      ##......     6%          2    None
e - Foxfire               Conj/Fire      ###.         1%          1    None
f - Mephitic Cloud        Conj/Pois/Air  ###.....     2%          3    None
g - Summon Ice Beast      Ice/Summ       ######..     1%          4    None
h - Blink                 Tloc           N/A          6%          2    None
i - Ozocubu's Refrigerat  Ice            #######...   1%          6    #####..

Your spell library contained the following spells:

 Spells                   Type           Power        Failure   Level  Hunger
 Chain Lightning          Conj/Air       ###.......   100%        8    #######
 Fire Storm               Conj/Fire      ###.......   100%        9    #######
 Shatter                  Erth           ##........   100%        9    #######
 Magic Dart               Conj           ####         1%          1    None
 Sandblast                Erth           ##....       1%          1    None
 Conjure Flame            Conj/Fire      ###.....     1%          3    None
 Stone Arrow              Conj/Erth      ###...       1%          3    None
 Hailstorm                Conj/Ice       ######..     1%          4    None
 Summon Butterflies       Summ           ##......     4%          1    None
 Call Imp                 Summ           ##......     6%          2    None
 Shroud of Golubria       Chrm/Tloc      ##....       6%          2    None
 Slow                     Hex            ##......     6%          2    None
 Call Canine Familiar     Summ           ##......     13%         3    None
 Recall                   Summ/Tloc      N/A          13%         3    None
 Irradiate                Conj/Tmut      ###.......   16%         5    ###....
 Lee's Rapid Deconstruct  Erth           ##........   28%         5    ###....
 Petrify                  Tmut/Erth      ##......     38%         4    None
 Aura of Abjuration       Summ           ##........   75%         5    ###....
 Summon Demon             Summ           ##........   75%         5    ###....
 Summon Forest            Summ/Tloc      ##........   75%         5    ###....
 Summon Mana Viper        Hex/Summ       ##......     75%         5    ###....
 Deflect Missiles         Chrm/Air       ##........   100%        6    #####..
 Shadow Creatures         Summ           N/A          100%        6    #####..
 Ring of Flames           Chrm/Fire      ##........   100%        7    ######.
 Summon Hydra             Summ           ##........   100%        7    ######.
 Hydra Form               Tmut           Unusable     N/A         6    N/A
 Statue Form              Tmut/Erth      Unusable     N/A         6    N/A
 Dragon Form              Tmut           Unusable     N/A         7    N/A

Dungeon Overview and Level Annotations

Branches:
Dungeon (13/15)            Temple (0/1) D:5            Lair (6/6) D:10
  Swamp (4/4) Lair:4        Snake (1/4) Lair:3        Slime (0/5) Lair:6
    Orc (2/2) D:10            Elf (0/3) Orc:2        Vaults (0/5) D:13
  Sewer (visited)           IceCv (visited)

Altars:
Ashenzari
Cheibriados
Dithmenos
Fedhas
Kikubaaqudgha
Makhleb
Nemelex Xobeh
Ru
Sif Muna
Trog
Uskayaw
Vehumet
Wu Jian
Zin
Jiyva

Shops:
D:5 *   D:6 (   D:11 !   Orc:2 *((*:

Annotations:
D:8 1 transporter
Lair:6 exclusion: oklob plant
Swamp:3 Roxanne


Innate Abilities, Weirdness & Mutations

Your body is rotting away.
You thrive on raw meat.
You are immune to poison.
You have sharp fingernails.
You are carnivorous and can eat meat at any time.
Your flesh is cold resistant. (rC+)
You are immune to negative energy. (rN+++)
You do not regenerate when monsters are visible.
You are immune to unholy pain and torment.
You can survive without breathing.


Message History

The naga sharpshooter resists with almost no effort. x2
The naga sharpshooter shoots a bolt.
The bolt misses you.
Casting: Ozocubu's Refrigeration (safe; 1% risk of failure)
Confirm with . or Enter, or press ? or * to list all spells.
The heat is drained from your surroundings.
You resist.
You feel very cold.
The naga sharpshooters are frozen.
The naga sharpshooter is almost dead.
Your attack snaps the naga sharpshooter out of its fear.
The naga sharpshooter is severely wounded. x2
The naga sharpshooter is almost dead.
The naga sharpshooter mumbles some strange words.
The naga sharpshooter magically shoots an arrow.
The arrow hits you.
* * * LOW HITPOINT WARNING * * *
The naga sharpshooter unwields a +0 hand axe.
The naga sharpshooter wields a +0 shortbow.
The naga sharpshooter gestures wildly while chanting.
The naga sharpshooter magically shoots an arrow.
The arrow hits you!
You die...

..##8###8#...# #N.....
..........÷..# #......
.............. #.NN...
.............. #......
8###8###8#...#
#N....#########
###...#
#............####....#
#....................
#..@................
##....#.............
#...##....#########
#...##....#########
..........^.........
.....................
#.#.#####...##########
#.#. ..... .....#
....(. ......#


You could see 4 naga sharpshooters.

Vanquished Creatures
  Jorgrun (Swamp:2)
  4 thorn hunters
  Louise (Swamp:3)
  A frost giant (IceCv)
  13 hydras
  An ice dragon (Swamp:4)
  2 vault guards (D:13)
  3 centaur warriors (D:13)
  A ghost crab (Swamp:3)
  An ogre mage (D:13)
  A death knight (D:12)
  3 two-headed ogres
  2 anacondas (Snake:1)
  5 alligators
  A naga sharpshooter (Snake:1)
  2 death yaks
  4 orc high priests (Orc:2)
  A shock serpent (Snake:1)
  Sonja (Orc:2)
  10 swamp dragons
  A naga ritualist (Snake:1)
  A wizard (D:13)
  A deep elf archer (D:13)
  A phantasmal warrior (D:12)
  An ugly thing (D:11)
  An orc sorcerer (Orc:2)
  7 orc knights
  3 salamanders (Snake:1)
  2 manticores
  8 elephants
  2 ice statues (IceCv)
  10 spiny frogs
  11 black mambas
  A torpor snail (Lair:6)
  A gargoyle (D:13)
  A centaur skeleton (D:13)
  2 komodo dragons
  2 rime drakes
  A kobold demonologist (D:13)
  5 trolls
  2 queen bees
  16 polar bears
  3 tyrant leeches
  9 slime creatures
  3 blink frogs (Swamp:3)
  11 hornets
  10 hippogriffs
  5 bog bodies
  2 dream sheep
  2 shadows
  17 spriggans
  A water elemental (D:13)
  2 wraiths
  18 yaks
  A hungry ghost (D:12)
  4 basilisks
  4 wyverns
  16 vampire mosquitoes
  A steam dragon (Lair:3)
  9 swamp worms
  2 nagas (Snake:1)
  4 wargs (Orc:1)
  An insubstantial wisp (Swamp:4)
  Edmund (D:6)
  An acid dragon (D:13)
  16 water moccasins
  3 porcupines
  10 swamp drakes
  29 orc warriors
  A meliai simulacrum (D:12)
  12 ice beasts
  3 sky beasts
  7 black bears
  4 phantoms
  A necrophage (D:7)
  3 boggarts (Lair:6)
  51 wolves
  19 ogres
  14 centaurs
  9 crocodiles
  9 bullfrogs
  2 big kobolds
  2 gnoll sergeants
  A wyvern skeleton (D:12)
  5 scorpions
  40 killer bees
  4 wights (D:6)
  6 electric eels
  3 centaur zombies
  2 howler monkeys
  A bullfrog zombie (D:12)
  A quasit (Abyss:3)
  A wyvern simulacrum (D:12)
  4 crimson imps
  6 hounds
  4 jellies
  24 orc priests
  A water moccasin simulacrum (D:12)
  2 bullfrog skeletons
  17 orc wizards
  Natasha (D:2)
  3 iguanas
  5 worker ants
  2 bullfrog simulacra (D:12)
  2 centaur simulacra (D:12)
  9 gnolls
  A howler monkey skeleton (D:7)
  6 river rats
  15 adders
  4 shadow imps
  4 white imps (D:12)
  An ufetubus (D:12)
  An ooze (D:1)
  3 worms
  3 dart slugs
  7 leopard geckos
  95 orcs
  8 ball pythons
  10 bats
  6 giant cockroaches
  10 goblins
  3 hobgoblins
  11 jackals
  2 quokkas (D:2)
  5 frilled lizards
  14 kobolds
  A leopard gecko zombie (D:7)
  A quokka skeleton (D:9)
  10 rats
  22 briar patches (Swamp:2)
  6 fungi
  2 plants (Lair:6)
855 creatures vanquished.

Vanquished Creatures (collateral kills)
  Aizul (Swamp:3)
  7 hydras
  A centaur warrior (D:13)
  6 alligators
  A naga sharpshooter (Snake:1)
  An orc high priest (Orc:2)
  Urug (Lair:6)
  A salamander mystic (Snake:1)
  2 orc knights
  A salamander (Snake:1)
  A manticore (Lair:3)
  3 black mambas
  2 elephants (Lair:3)
  2 spiny frogs
  A gargoyle (D:13)
  3 komodo dragons
  A troll (Orc:1)
  5 polar bears
  A tyrant leech (Swamp:2)
  2 blink frogs
  4 bog bodies
  2 slime creatures (Swamp:4)
  2 hornets (Lair:6)
  A hippogriff (Lair:4)
  3 dream sheep (Lair:4)
  9 yaks
  A wraith (D:12)
  A spriggan (Swamp:2)
  A swamp worm (Swamp:2)
  A naga (Snake:1)
  A porcupine (Lair:5)
  A water moccasin (Lair:1)
  4 swamp drakes
  A boggart (Lair:6)
  4 black bears (Lair:6)
  An ogre (Orc:2)
  17 wolves
  7 crocodiles
  2 bullfrogs
  11 killer bees
  An orc priest (Orc:2)
  2 orc wizards (D:12)
  A hell rat (Lair:3)
  3 adders (Lair:3)
  An orc (Orc:2)
  3 fungi (D:10)
128 creatures vanquished.

Vanquished Creatures (others)
  A polar bear (IceCv)
  3 killer bees (Lair:2)
  32 foxfires
  17 fungi
  7 plants
60 creatures vanquished.

Grand Total: 1043 creatures vanquished

Notes
Turn   | Place    | Note
-------+----------+-------------------------------------------
     0 | D:1      | Lugonue the Ghoul Ice Elementalist began the quest for the
                  | Orb.
     0 | D:1      | Reached XP level 1. HP: 14/14 MP: 2/2
   199 | D:1      | Reached XP level 2. HP: 12/20 MP: 3/3
   654 | D:1      | Reached skill level 5 in Ice Magic
   794 | D:1      | Reached XP level 3. HP: 24/26 MP: 4/4
   814 | D:1      | Reached skill level 1 in Unarmed Combat
   915 | D:2      | Found a glowing silver altar of Zin.
  1016 | D:2      | Reached XP level 4. HP: 23/34 MP: 2/6
  1026 | D:2      | Found an ornate altar of the Wu Jian Council.
  1073 | D:2      | Found a sparkling altar of Nemelex Xobeh.
  1098 | D:2      | Learned a level 3 spell: Ozocubu's Armour
  1280 | D:2      | Found a burning altar of Makhleb.
  1287 | D:2      | Found a radiant altar of Vehumet.
  1296 | D:2      | Became a worshipper of Vehumet
  1574 | D:2      | Found a sacrificial altar of Ru.
  1575 | D:2      | Noticed Natasha
  1581 | D:2      | Killed Natasha
  1581 | D:2      | Reached XP level 5. HP: 23/39 MP: 2/7
  1639 | D:2      | Learned a level 4 spell: Hailstorm
  1738 | D:3      | Found a snail-covered altar of Cheibriados.
  1975 | D:3      | Reached * piety under Vehumet
  1975 | D:3      | Offered knowledge of Magic Dart by Vehumet.
  2070 | D:3      | Reached XP level 6. HP: 37/46 MP: 6/8
  2138 | D:3      | Found a glowing drain.
  2182 | D:3      | Reached skill level 1 in Fighting
  2207 | Sewer    | Entered a sewer
  2347 | Sewer    | Found a glowing silver altar of Zin.
  2555 | D:3      | Found a shimmering blue altar of Sif Muna.
  2646 | D:3      | Learned a level 1 spell: Magic Dart
  2943 | D:4      | Reached skill level 6 in Ice Magic
  3121 | D:4      | Noticed a hippogriff
  3150 | D:4      | Killed a hippogriff
  3150 | D:4      | Reached skill level 5 in Unarmed Combat
  3150 | D:4      | Reached XP level 7. HP: 25/52 MP: 0/10
  3471 | D:4      | Found a bloodstained altar of Trog.
  3677 | D:5      | Entered Level 5 of the Dungeon
  3677 | D:5      | Found a staircase to the Ecumenical Temple.
  3732 | D:5      | Found Qiepto Idoni's Assorted Antiques.
  3736 | D:5      | Bought a potion of curing for 57 gold pieces
  4040 | D:5      | Reached XP level 8. HP: 59/60 MP: 7/11
  4160 | D:5      | Offered knowledge of Foxfire by Vehumet.
  4181 | D:5      | Learned a level 1 spell: Foxfire
  4187 | D:5      | Noticed a +0 hand axe
  4188 | D:5      | Found a hide-covered altar of Uskayaw.
  4188 | D:5      | Noticed a +0 hand axe
  4305 | D:6      | Reached ** piety under Vehumet
  4309 | D:6      | Reached skill level 7 in Ice Magic
  4386 | D:6      | Noticed Edmund
  4408 | D:6      | Killed Edmund
  4408 | D:6      | Reached skill level 1 in Armour
  4449 | D:6      | Found a shimmering blue altar of Sif Muna.
  4514 | D:6      | Noticed a two-headed ogre
  4637 | D:6      | Found a radiant altar of Vehumet.
  4868 | D:6      | Found a shadowy altar of Dithmenos.
  4940 | D:6      | Reached XP level 9. HP: 61/67 MP: 10/13
  4999 | D:6      | Killed a two-headed ogre
  4999 | D:6      | Reached skill level 8 in Ice Magic
  5030 | D:6      | Found Ocofaorch's Weapon Shop.
  5161 | D:7      | Got a twisted spear
  5164 | D:7      | Identified the +10 spear of the Puffin {freeze, rF+ rC++
                  | SInv} (You found it on level 7 of the Dungeon)
  5244 | D:7      | Offered knowledge of Mephitic Cloud by Vehumet.
  5271 | D:7      | Learned a level 3 spell: Mephitic Cloud
  5445 | D:7      | Reached *** piety under Vehumet
  5940 | D:8      | Reached skill level 9 in Ice Magic
  5940 | D:8      | Reached XP level 10. HP: 57/75 MP: 9/15
  6021 | D:8      | Reached skill level 10 in Unarmed Combat
  6110 | D:8      | Identified the +2 leather armour "Buegiz" {*Slow rElec
                  | rCorr Str+6}
  6118 | D:8      | Offered knowledge of Stone Arrow by Vehumet.
  6274 | D:8      | Found a transporter.
  6275 | D:8      | Noticed a kobold demonologist
  6275 | D:8      | Noticed a kobold demonologist
  6277 | D:8      | Found a transporter.
  6469 | D:9      | Found a blossoming altar of Fedhas.
  6496 | D:9      | Reached skill level 5 in Spellcasting
  6597 | D:9      | Found a shattered altar of Ashenzari.
  7361 | D:9      | Reached **** piety under Vehumet
  7873 | D:10     | Entered Level 10 of the Dungeon
  7873 | D:10     | Noticed a two-headed ogre
  8018 | D:10     | Offered knowledge of Lightning Bolt by Vehumet.
  8172 | D:10     | Found a staircase to the Orcish Mines.
  8185 | D:10     | Reached skill level 1 in Conjurations
  8204 | D:10     | Killed a two-headed ogre
  8204 | D:10     | Reached XP level 11. HP: 26/85 MP: 13/20
  8232 | D:10     | HP: 4/85 [orc priest/divine providence (7)]
  8272 | D:10     | Reached skill level 5 in Fighting
  8304 | D:10     | Reached skill level 5 in Dodging
  8371 | D:10     | Reached skill level 10 in Ice Magic
  8377 | D:10     | Found a staircase to the Lair.
  8609 | D:10     | Learned a level 4 spell: Summon Ice Beast
  8726 | Lair:1   | Entered Level 1 of the Lair of Beasts
  8726 | Lair:1   | Noticed a death yak
  8726 | Lair:1   | Noticed a death yak
  8726 | Lair:1   | Noticed a death yak
  8726 | Lair:1   | Noticed a death yak
  8726 | Lair:1   | Noticed a death yak
  8726 | Lair:1   | Noticed a death yak
  8970 | D:11     | Found Nuemit's Distillery.
  8976 | D:11     | Bought a potion of heal wounds for 50 gold pieces
  8976 | D:11     | Bought a potion of heal wounds for 50 gold pieces
  9053 | D:11     | Noticed a cyan ugly thing
  9070 | D:11     | Killed a green ugly thing
  9389 | D:11     | Reached ***** piety under Vehumet
  9408 | D:11     | Noticed a four-headed hydra
  9417 | D:11     | Killed a four-headed hydra
  9554 | D:11     | Learned a level 2 spell: Blink
  9736 | D:11     | Offered knowledge of Airstrike by Vehumet.
  9780 | D:12     | Noticed a death knight
  9780 | D:12     | Noticed a phantasmal warrior
  9889 | D:12     | Noticed a manticore
  9903 | D:12     | Killed a manticore
 10931 | D:12     | Killed a phantasmal warrior
 11078 | D:12     | Reached XP level 12. HP: 53/96 MP: 3/23
 11095 | D:12     | HP: 1/97 [death knight/+0 great mace (10)]
 11097 | D:12     | Killed a death knight
 11432 | D:13     | Found a frozen archway.
 11464 | D:13     | Noticed a centaur warrior
 11484 | D:13     | Killed a centaur warrior
 11546 | IceCv    | Entered an ice cave
 11996 | IceCv    | HP: 2/100 [polar bear (15)]
 12022 | IceCv    | Upgraded the game from 0.25-a0-443-gece2dee8bd to
                  | 0.25-a0-448-g1f46b9f714
 12651 | IceCv    | HP: 5/100 [ice statue] (7)]
 12996 | IceCv    | Noticed a frost giant
 13017 | IceCv    | Killed a frost giant
 13017 | IceCv    | Reached skill level 10 in Spellcasting
 13063 | IceCv    | Reached skill level 11 in Ice Magic
 13257 | D:13     | Noticed a two-headed ogre
 13266 | D:13     | Killed a two-headed ogre
 13365 | D:13     | Noticed a centaur warrior
 13365 | D:13     | Noticed a centaur warrior
 13392 | D:13     | Killed a centaur warrior
 13407 | D:13     | Killed a centaur warrior
 13407 | D:13     | Reached XP level 13. HP: 67/107 MP: 8/26
 13462 | D:13     | Offered knowledge of Fireball by Vehumet.
 13817 | D:13     | Found an ancient bone altar of Kikubaaqudgha.
 13864 | D:13     | Noticed a vault guard
 13872 | D:13     | Killed a vault guard
 13894 | D:13     | Noticed a vault guard
 13897 | D:13     | Killed a vault guard
 13948 | D:13     | Found a gate to the Vaults.
 13948 | D:13     | Noticed a vault guard
 13949 | D:13     | Noticed a vault guard
 14097 | D:12     | Reached skill level 5 in Armour
 16299 | Lair:3   | Found a staircase to the Snake Pit.
 16344 | Lair:3   | Offered knowledge of Spellforged Servitor by Vehumet.
 17169 | Lair:3   | Reached XP level 14. HP: 63/118 MP: 28/28
 17721 | Lair:4   | Offered knowledge of Orb of Destruction by Vehumet.
 18116 | Lair:4   | Found a staircase to the Swamp.
 18756 | Lair:5   | Reached skill level 12 in Ice Magic
 19082 | Lair:5   | Found a shadowy altar of Dithmenos.
 19093 | Lair:5   | Learned a level 2 spell: Passwall
 19310 | Lair:6   | Entered Level 6 of the Lair of Beasts
 19408 | Lair:6   | Offered knowledge of Ozocubu's Refrigeration by Vehumet.
 19416 | Lair:6   | Learned a level 6 spell: Ozocubu's Refrigeration
 19460 | Lair:6   | Reached skill level 10 in Fighting
 19838 | Lair:6   | Reached XP level 15. HP: 125/127 MP: 29/29
 19869 | Lair:6   | Found a viscous altar of Jiyva.
 19869 | Lair:6   | Found a staircase to the Slime Pits.
 20223 | Lair:6   | Noticed Urug
 20273 | Lair:6   | Reached skill level 10 in Dodging
 20278 | Lair:6   | Killed Urug
 20587 | Orc:1    | Entered Level 1 of the Orcish Mines
 20665 | Orc:1    | Found a radiant altar of Vehumet.
 20922 | Orc:1    | Reached ****** piety under Vehumet
 20957 | Orc:1    | Offered knowledge of Freezing Cloud by Vehumet.
 21166 | Orc:2    | Entered Level 2 of the Orcish Mines
 21167 | Orc:2    | Paralysed by an orc sorcerer for 3 turns
 21173 | Orc:2    | Found Puwul's Book Shoppe.
 21201 | Orc:2    | Bought a book of Transfigurations for 660 gold pieces
 21231 | Orc:2    | Found a staircase to the Elven Halls.
 21322 | Orc:2    | Reached XP level 16. HP: 136/136 MP: 31/31
 21484 | Orc:2    | Reached skill level 13 in Ice Magic
 21512 | Orc:2    | Offered knowledge of Conjure Ball Lightning by Vehumet.
 21730 | Orc:2    | Noticed Sonja
 21737 | Orc:2    | Killed Sonja
 22182 | Orc:2    | Found Xanas's Assorted Antiques.
 22182 | Orc:2    | Found Jadghele's General Store.
 22183 | Orc:2    | Found Kyaqant's Antique Weapon Shop.
 22183 | Orc:2    | Found Qebruckeire's Antique Weapon Boutique.
 22194 | Orc:2    | Bought 3 scrolls of enchant armour for 405 gold pieces
 22194 | Orc:2    | Bought an uncursed staff of wizardry for 450 gold pieces
 22705 | Swamp:1  | Entered Level 1 of the Swamp
 22743 | Swamp:1  | Identified the Guide on Boosting Fire
 22792 | Swamp:1  | Reached skill level 14 in Ice Magic
 23333 | Swamp:1  | Noticed a thorn hunter
 23350 | Swamp:1  | Killed a thorn hunter
 23457 | Swamp:1  | Reached skill level 15 in Ice Magic
 23696 | Swamp:2  | Noticed Jorgrun
 23843 | Swamp:2  | Killed Jorgrun
 23909 | Swamp:2  | Offered knowledge of Fire Storm by Vehumet.
 23909 | Swamp:2  | Offered knowledge of Shatter by Vehumet.
 23909 | Swamp:2  | Offered knowledge of Chain Lightning by Vehumet.
 23950 | Swamp:2  | Noticed a thorn hunter
 24114 | Swamp:3  | Noticed Roxanne
 24140 | Swamp:3  | Noticed Aizul
 24160 | Swamp:3  | Killed Aizul
 24160 | Swamp:3  | Reached skill level 16 in Ice Magic
 24211 | Swamp:3  | Noticed Louise
 24233 | Swamp:3  | Cast into level 3 of the Abyss (Louise)
 24288 | Swamp:3  | Escaped the Abyss
 24311 | Swamp:3  | Killed Louise
 24315 | Swamp:3  | Got a steaming granite ring
 24317 | Swamp:3  | Identified the ring of Maezufriu {rF- rC+ AC+4 Int+4 Dex+2}
                  | (You found it on level 3 of the Swamp)
 24675 | Swamp:4  | Entered Level 4 of the Swamp
 24904 | Swamp:4  | Noticed a thorn hunter
 24910 | Swamp:4  | Killed a thorn hunter
 25235 | Swamp:4  | Reached XP level 17. HP: 47/144 MP: 16/32
 25422 | Swamp:4  | Got a decaying rune of Zot
 25540 | Swamp:4  | Reached skill level 1 in Evocations
 25624 | Swamp:4  | HP: 4/144 [insubstantial wisp/static electricity (5)]
 26971 | Snake:1  | Entered Level 1 of the Snake Pit
 27653 | Snake:1  | HP: 5/144 [naga sharpshooter/arrow (4)]
 27653 | Snake:1  | Shot with an arrow by a naga sharpshooter

Levels and vault maps discovered:
D:1:      dpeg_arrival_subterranean_lakeside_camping, layout_basic
D:2:      layout_loops_ring, minitemple, nemelex_xobeh_ov_fountains_minmay,
          nicolae_ru_awakened_eye, old_standard_altar, old_standard_altar,
          first_ration, uniq_natasha
D:3:      minmay_octagon_keep, layout_loops_ring, cheibriados_altar_1,
          portal_sewer_entry_a, lemuel_blue_sif_altar
D:4:      layout_basic, lightli_temple_of_fire, serial_corexii_hall,
          corexii_hall_statues_u, corexii_hall_statues_t
D:5:      layout_rooms, dancing_weapons_uskayaw, minmay_temple_entry_mist,
          serial_shops, nicolae_shop_stone
D:6:      layout_gridville, lemuel_coloured_pillars_altar,
          nicolae_dithmenos_the_darkroom, basic_altar, kennysheep_another_room,
          kennysheep_small_circle, uniq_edmund
D:7:      layout_loops_ring, uniq_duvessa
D:8:      gammafunk_wand_slinger, layout_rooms
D:9:      layout_layer_cave, nicolae_ashenzari_panopticon, fedhas_altar_2
D:10:     layout_cave_pools, due_lair_maze_entry_diamond
D:11:     layout_loops_ring, serial_shops, shop, grunt_ogre_cave
D:12:     layout_rooms, serial_ice, serial_ice_k, serial_ice_a, serial_ice_d,
          serial_ice_n, serial_ice_g, serial_ice_b, serial_ice_c, serial_ice_o,
          serial_ice_f, serial_ice_h
D:13:     layout_basic, grunt_vaults_entry_fortified,
          portal_ice_cave_entry_ice_beasts, basic_altar
Lair:1:   layout_big_grid
Lair:2:   layout_concentric_octagons, special_room [special_room_bee],
          serial_bayou_shore_a
Lair:3:   regret_index_wax_grids, layout_cave_pods,
          minmay_snake_entry_six_corridors, beast_lair_carwin_9,
          lemuel_fruit_tree, serial_bayou_shore_b
Lair:4:   layout_regular_city, skrybe_swamp_entry_bodies,
          grunt_forest_large_clearings
Lair:5:   layout_loops_ring, lemuel_centaur_altar
Lair:6:   minmay_lair_end_enchanted_forest, layout_cave_pods,
          dpeg_slime_entry_enclosed_altar, minmay_lair_oklob_items,
          lemuel_fruit_fields, uniq_urug
Swamp:1:  layout_falls_marsh, infiniplex_staircase_pool_2
Swamp:2:  layout_basic_swamp, evilmike_swamp_ruin_house_2, uniq_jorgrun
Swamp:3:  layout_basic_swamp, hangedman_swamp_pad,
          nicolae_swamp_feature_on_the_river_bank, uniq_louise, uniq_roxanne,
          uniq_aizul
Swamp:4:  swamp, layout_basic_swamp, swamp_pool5, evilmike_swamp_ruin_house_5,
          nicolae_swamp_spriggan_camp
Snake:1:  layout_gridlike, serial_corexii_hall, corexii_hall_statues_l,
          corexii_hall_statues_x
Orc:1:    layout_diamond_mine, basic_altar, nooodl_orcs_dogs
Orc:2:    st_orc_pillars, layout_caves, serial_shops,
          nicolae_shop_competitors_out_of_business, uniq_sonja

Skill      XL: |  1  2  3  4  5  6  7  8  9 10 11 12 13 14 15 16 17 |
---------------+----------------------------------------------------+-----
Ice Magic      | 5 6 7 9 10 11 12 16 | 16.7
Unarmed Combat | 2 3 5 7 9 10 11 12 13 | 13.3
Spellcasting   | 2 3 4 6 8 10 11 12 | 12.8
Dodging        | 2 3 4 5 6 7 9 10 | 10.7
Fighting       | 1 2 4 6 7 9 10 11 | 11.1
Armour         | 1 2 3 4 5 |  5.1
Conjurations   | 1 2 3 |  3.5
Evocations     | 2 |  2.4
Stealth        | |  2.1

Action                   |  1- 3 |  4- 6 |  7- 9 | 10-12 | 13-15 | 16-18 || total
-------------------------+-------+-------+-------+-------+-------+-------++-------
Melee: Unarmed           |    86 |   262 |   288 |   936 |  1016 |   409 ||  2997
       Punch             |       |       |     6 |    50 |    42 |    19 ||   117
       Spear             |       |       |    19 |       |       |       ||    19
       Staff             |       |       |       |       |       |     8 ||     8
 Cast: Freeze            |    20 |    33 |    35 |    47 |     9 |     5 ||   149
       Ozocubu's Armour  |       |     3 |    18 |    54 |    52 |    31 ||   158
       Magic Dart        |       |     1 |     1 |     2 |     2 |       ||     6
       Mephitic Cloud    |       |       |       |    61 |    74 |     4 ||   139
       Foxfire           |       |       |       |    19 |     1 |     1 ||    21
       Summon Ice Beast  |       |       |       |    41 |   116 |    79 ||   236
       Blink             |       |       |       |     5 |     8 |     2 ||    15
       Hailstorm         |       |       |       |     2 |       |       ||     2
       Ozocubu's Refrige |       |       |       |       |    35 |   103 ||   138
       Passwall          |       |       |       |       |     2 |       ||     2
Evoke: Wand              |       |       |     5 |     8 |     3 |    10 ||    26
       Crystal ball of e |       |       |       |       |       |     1 ||     1
  Use: Scroll            |       |     7 |     8 |    10 |     5 |    14 ||    44
       Potion            |       |    12 |     2 |    12 |     3 |    10 ||    39
 Stab: Sleeping          |     3 |     2 |       |     1 |     2 |       ||     8
       Paralysed         |       |       |    11 |       |       |       ||    11
       Confused          |       |       |       |    29 |    34 |     5 ||    68
       Distracted        |       |       |       |       |     3 |     4 ||     7
  Eat: Chunk             |     6 |    34 |    28 |   102 |   176 |   109 ||   455
       Ration            |       |       |     1 |     3 |       |     9 ||    13
Armor: Robe              |    28 |    47 |     1 |       |       |       ||    76
       Leather armour    |       |       |    58 |   227 |    23 |       ||   308
       Troll leather arm |       |       |       |       |    83 |       ||    83
       Steam dragon scal |       |       |       |       |   155 |   153 ||   308
Dodge: Dodged            |    80 |   244 |   222 |   797 |  1066 |   403 ||  2812

Table legend:
 A = Non-vault XP
 B = Vault XP
 C = Vault XP percentage of total XP
 D = Non-vault monster count
 E = Vault monster count
 F = Vault count percentage of total count
                 A         B        C        D         E       F
            +---------+---------+-------+---------+---------+-------
      Total |   92721 |   77222 |  45.4 |     554 |     400 |  41.9
            +---------+---------+-------+---------+---------+-------
        D:1 |      31 |       9 |  22.5 |      16 |       6 |  27.3
        D:2 |     107 |      35 |  24.6 |      23 |       1 |   4.2
        D:3 |     111 |      90 |  44.8 |      17 |      14 |  45.2
        D:4 |     527 |       0 |   0.0 |       9 |       0 |   0.0
        D:5 |     362 |       0 |   0.0 |      12 |       0 |   0.0
        D:6 |     898 |    1074 |  54.5 |      23 |       3 |  11.5
        D:7 |    1141 |       0 |   0.0 |      26 |       0 |   0.0
        D:8 |    1270 |       0 |   0.0 |      20 |       0 |   0.0
        D:9 |    1995 |     109 |   5.2 |      28 |       1 |   3.4
       D:10 |    2982 |    1086 |  26.7 |      24 |       9 |  27.3
       D:11 |    3182 |     121 |   3.7 |      27 |       1 |   3.6
       D:12 |    2889 |    1862 |  39.2 |      21 |      19 |  47.5
       D:13 |    7458 |    6067 |  44.9 |      34 |      16 |  32.0
     Lair:1 |    2564 |       0 |   0.0 |      11 |       0 |   0.0
     Lair:2 |    2344 |    1457 |  38.3 |      14 |      25 |  64.1
     Lair:3 |    2921 |    7167 |  71.0 |      12 |      63 |  84.0
     Lair:4 |    3051 |    3336 |  52.2 |      15 |      34 |  69.4
     Lair:5 |    2078 |     680 |  24.7 |      12 |       5 |  29.4
     Lair:6 |    8765 |    7927 |  47.5 |      31 |      48 |  60.8
    Swamp:1 |   12166 |       0 |   0.0 |      39 |       0 |   0.0
    Swamp:2 |    7330 |    3040 |  29.3 |      20 |       1 |   4.8
    Swamp:3 |    7455 |    3429 |  31.5 |      20 |       3 |  13.0
    Swamp:4 |    4970 |   19779 |  79.9 |      17 |      28 |  62.2
    Snake:1 |   11049 |       0 |   0.0 |      22 |       0 |   0.0
      Orc:1 |    3473 |    1049 |  23.2 |      41 |      12 |  22.6
      Orc:2 |    1556 |   10763 |  87.4 |      19 |      63 |  76.8
    Abyss:3 |      46 |       0 |   0.0 |       1 |       0 |   0.0
      Sewer |       0 |     132 | 100.0 |       0 |      12 | 100.0
      IceCv |       0 |    8010 | 100.0 |       0 |      36 | 100.0
            +---------+---------+-------+---------+---------+-------
